 Dungeon Crawl Stone Soup version 0.30-a0-672-gc3a7216ad8 (webtiles) character file.

Game seed: 4707411717942670432

120495 Newt the Spear-Bearer (level 16, -3/127 HPs)
             Began as a Demonspawn Gladiator on Jan 18, 2023.
             Was an Initiate of Gozag.
             Slain by a radroach (48 damage)
             ... on level 4 of the Spider Nest.
             The game lasted 00:57:14 (36939 turns).

Newt the Spear-Bearer (Demonspawn Gladiator)       Turns: 36939, Time: 00:57:14

Health: -3/127     AC: 21    Str: 26 (27) XL:     16   Next: 30%
Magic:  16/16      EV: 15    Int:  2 (5)  God:    Gozag
Gold:   1659       SH: 18    Dex: 16 (18) Spells: 15/15 levels left

rFire   + + .      SeeInvis +    Q - +4 demon trident
rCold   . . .      Faith    .    y - +1 kite shield {AC+3}
rNeg    + . .      Spirit   .    W - +1 leather armour of the End {rPois rF++ rCorr Str-3}
rPois   +          Reflect  +    (helmet restricted)
rElec   +          Harm     .    N - +2 cloak {Will+}
rCorr   +          Rampage  .    L - +0 pair of gloves
Will    ++...                    A - +2 pair of boots of the Raven {rElec rCorr}
Stlth   ++                       X - amulet of reflection
HPRegen 0.41/turn                S - ring "Sotoh" {rN+ Str+7 Int-4 Dex+3}
MPRegen 0.15/turn                M - ring of see invisible

@: very slightly contaminated
A: antennae 1, thin metallic scales 3, demonic guardian 2, ignite blood 1
a: Renounce Religion, Potion Petition, Call Merchant, Bribe Branch


You were on level 4 of the Spider Nest.
You worshipped Gozag.
Gozag was most pleased with you.
You visited 4 branches of the dungeon, and saw 24 of its levels.
You also visited: Sewer and Ice Cave.

You collected 9286 gold pieces.
You spent 4037 gold pieces at shops.
You paid 3590 gold pieces to Gozag.

Inventory:

Hand Weapons
 Q - a +4 demon trident (weapon)
Missiles
 d - 4 throwing nets (quivered)
Armour
 a - a +2 pair of boots of rampaging
 k - the +13 plate armour of Ignis's Fury {rN+}
   (You bought it in a shop on level 1 of the Orcish Mines)

   rN:        It protects you from negative energy.
 y - a +1 kite shield of protection (worn)
 A - the +2 pair of boots of the Raven (worn) {rElec rCorr}
   (You bought it in a shop on level 3 of the Dungeon)

   rElec:     It insulates you from electricity.
   rCorr:     It protects you from acid and corrosion.
 D - a scarf of repulsion
 F - a +3 leather armour of fire resistance
 G - the +5 ring mail of Aghec {Harm SInv}
   (You found it on level 10 of the Dungeon)

   SInv:      It lets you see invisible.
   Harm:      It increases damage dealt and taken.
 L - a +0 pair of gloves (worn)
 N - a +2 cloak of willpower (worn)
 W - the +1 leather armour of the End (worn) {rPois rF++ rCorr Str-3}
   (You bought it in a shop on level 2 of the Orcish Mines)

   Str:       It affects your strength (-3).
   rF:        It greatly protects you from fire.
   rPois:     It protects you from poison.
   rCorr:     It protects you from acid and corrosion.
 Y - a +2 chain mail of cold resistance
 Z - the +0 plate armour of Depression {Harm *Slow Will+ Regen+}
   (You found it in an ice cave)

   Regen:     It increases your rate of health regeneration.
   *Slow:     It may slow you when you take damage.
   Harm:      It increases damage dealt and taken.
   Will:      It increases your willpower.
Jewellery
 j - the ring "Sawkiqum" {rF- rCorr Str+5}
   (You found it in an ice cave)

   [ring of resist corrosion]

   Str:       It affects your strength (+5).
   rF:        It makes you vulnerable to fire.
   rCorr:     It protects you from acid and corrosion.
 r - a ring of wizardry
 z - a ring of magical power
 K - a +6 ring of strength
 M - a ring of see invisible (right hand)
 R - a ring of fire
 S - the ring "Sotoh" (left hand) {rN+ Str+7 Int-4 Dex+3}
   (You bought it in a shop on level 3 of the Dungeon)

   [ring of positive energy]

   Str:       It affects your strength (+7).
   Int:       It affects your intelligence (-4).
   Dex:       It affects your dexterity (+3).
   rN:        It protects you from negative energy.
 U - a ring of positive energy
 X - an amulet of reflection (around neck)
Wands
 i - a wand of charming (36)
 v - a wand of polymorph (15)
 C - a wand of flame (1)
 E - a wand of roots (23)
Scrolls
 b - 2 scrolls of torment
 c - a scroll of blinking
 e - 6 scrolls of fear
 o - 12 scrolls of teleportation
 w - 3 scrolls of fog
 H - 4 scrolls of magic mapping
 J - a scroll of butterflies
 P - 2 scrolls of amnesia
 V - 2 scrolls of identify
Potions
 f - 3 potions of lignification
 g - 3 potions of cancellation
 h - 2 potions of invisibility
 l - a potion of berserk rage
 m - 3 potions of flight
 p - 2 potions of magic
 q - 14 potions of curing
 s - 2 potions of resistance
 t - a potion of attraction
 u - 3 potions of brilliance
 B - 2 potions of might
 I - a potion of mutation
 T - a potion of ambrosia
Miscellaneous
 x - a phantom mirror


   Skills:
 - Level 12.0 Fighting
 - Level 2.6 Short Blades
 - Level 6.3(10.7) Axes
 - Level 13.4(14.0) Polearms
 - Level 1.7 Throwing
 + Level 12.5 Armour
 - Level 8.0 Dodging
 - Level 3.0 Stealth
 - Level 12.0 Shields
 - Level 10.0 Evocations


You had 15 spell levels left.
You didn't know any spells.
Your spell library contained the following spells:

 Spells                   Type           Power      Damage    Failure   Level
 Ensorcelled Hibernation  Hex/Ice        0%         N/A       91%         2
 Passwall                 Tmut/Erth      0%         N/A       91%         2
 Ignite Poison            Fire/Tmut/Pois 0%         N/A       99%         3
 Ozocubu's Armour         Ice            0%         N/A       99%         3
 Swiftness                Air            0%         N/A       99%         3
 Sticky Flame             Conj/Fire      0%         2d3       100%        4
 Metabolic Englaciation   Hex/Ice        0%         N/A       100%        5
 Yara's Violent Unravell  Hex/Tmut       0%         3d3       100%        5
 Conjure Ball Lightning   Conj/Air       0%         3x3d6     100%        6
 Enfeeble                 Hex            0%         N/A       100%        7
 Discord                  Hex            0%         N/A       100%        8
 Disjunction              Tloc           0%         N/A       100%        8
 Ignition                 Fire           0%         3d3       100%        8
 Simulacrum               Ice/Necr       Unusable   N/A       N/A         6

Dungeon Overview and Level Annotations

Branches:
Dungeon (13/15)            Temple (0/1) D:7            Lair (5/5) D:10
  Swamp (0/4) Lair:2       Spider (4/4) Lair:2        Slime (0/5) Lair:4
    Orc (2/2) D:9             Elf (0/3) Orc:2        Vaults (0/5) D:13
  Sewer (visited)           IceCv (visited)

Altars:
Ashenzari
Dithmenos
Fedhas
Gozag
Kikubaaqudgha
Makhleb
Okawaru
Qazlal
Trog
Uskayaw
Jiyva

Shops:
D:3 =[**[   D:10 !   Orc:1 [   Orc:2 ([[(   Lair:1 *   Lair:3 *   Spider:1 !
Spider:2 *


Innate Abilities, Weirdness & Mutations

You have a pair of small antennae on your head.
You are completely covered in thin metallic scales. (AC +4, rElec)
A demonic guardian rushes to your aid.
Your demonic aura sometimes causes spilled blood to erupt in flames.


Message History

You block the demonic crawler's attack. The demonic crawler hits you.
You block the demonic crawler's attack.
The radroach erupts in a fountain of uncontrolled magic!
Your soul eater is blasted with magical radiation!!!
Your soul eater dies!
Your soul eater disappears in a puff of smoke!
You puncture the demonic crawler!
The demonic crawler is moderately wounded.
You block the demonic crawler's attack.
The demonic crawler completely misses you.
The demonic crawler hits you but does no damage.
You hit the demonic crawler.
The demonic crawler is moderately wounded.
You block the demonic crawler's attack. The demonic crawler barely misses you.
You block the demonic crawler's attack.
You hit the radroach.
The radroach is severely wounded.
The radroach erupts in a fountain of uncontrolled magic!
You are blasted with magical radiation!!!
You are very lightly contaminated with residual magic.
You block the demonic crawler's attack. The demonic crawler hits you.
The demonic crawler hits you but does no damage.
You are too injured to fight recklessly!
You hit the radroach but do no damage.
The radroach is severely wounded.
The demonic crawler completely misses you.
You block the demonic crawler's attack.
The demonic crawler hits you but does no damage.
The radroach barely misses you. The radroach claws you.
Unknown command.
You puncture the radroach!
The radroach is severely wounded.
You block the demonic crawler's attack. The demonic crawler hits you!
The demonic crawler barely misses you.
You puncture the radroach!
The radroach is almost dead.
The radroach erupts in a fountain of uncontrolled magic!
You are blasted with magical radiation!!!
You die...
Your body crumbles into a pile of gold.

#.. #..###..# ..
^.. ##.## .. ..#
####.# ##. #.#..#
... #.?.## #.#
##.###
#.####^..^##
#B#.##....#
##@..##...##
#$.#.s...#.#..#
#............##
#..............#
#..^#....##....^#
#..#.^...#.#.^###
##^.###.... ..#
#.. .#... #^# #.
...##. ..


You could see a radroach and a demonic crawler.

Vanquished Creatures
  A ghost moth (Spider:4)
  A broodmother (Spider:3)
  A spark wasp (Spider:3)
  3 entropy weavers (Spider:2)
  Harold (Lair:1)
  2 catoblepae
  Erica (Orc:1)
  6 hydras
  3 radroaches
  10 jorogumos
  3 boulder beetles
  A centaur warrior (D:13)
  2 tengu warriors (D:13)
  3 two-headed ogres
  9 death yaks
  2 orc high priests
  12 spriggans (Lair:5)
  Urug (Lair:3)
  3 pharaoh ants
  4 sun moths
  3 orb spiders
  3 steelbarb worms
  A lindwurm (Lair:5)
  6 orc knights
  15 wolf spiders
  8 orc sorcerers (Orc:2)
  3 cyclopes (Orc:2)
  3 manticores
  2 ugly things
  2 moths of wrath
  Maurice (D:8)
  2 black mambas (Lair:5)
  An elephant (Lair:5)
  4 ice statues
  2 torpor snails
  9 demonic crawlers
  13 cane toads
  Maggie (D:8)
  2 gargoyles
  An unseen horror (D:10)
  2 rime drakes
  An anaconda simulacrum (Lair:4)
  A freezing wraith (IceCv)
  8 komodo dragons
  8 ice devils (D:10)
  10 trolls
  3 meliai (Lair:2)
  4 hornets
  A tyrant leech (Lair:2)
  A wolf spider simulacrum (Lair:4)
  6 polar bears
  13 tarantellas
  8 dream sheep
  6 saltlings (Orc:2)
  18 blink frogs
  31 jumping spiders
  5 wyverns
  14 culicivoras
  2 dire elephant simulacra
  Eustachio (D:5)
  4 basilisks
  2 vampire mosquitoes (Spider:1)
  47 yaks
  39 redbacks
  A warg (Orc:2)
  An acid dragon (D:9)
  A swamp worm (Lair:2)
  A hydra simulacrum (IceCv)
  7 water moccasins
  22 orc warriors
  5 black bears
  5 boggarts (Lair:5)
  23 wolves
  6 ogres
  5 centaurs
  2 phantoms
  A kobold brigand (Sewer)
  7 bullfrogs
  3 necrophages
  7 scorpions
  A cane toad simulacrum (IceCv)
  4 wights (D:8)
  3 killer bees (D:8)
  2 elephant simulacra (IceCv)
  2 electric eels (Spider:1)
  5 howler monkeys
  4 jellies
  11 orc priests
  2 komodo dragon simulacra (Lair:4)
  5 gnoll boudas
  5 hounds
  22 orc wizards
  An iguana (D:4)
  A polar bear simulacrum (IceCv)
  2 wolf simulacra (IceCv)
  A bullfrog simulacrum (Lair:4)
  21 gnolls
  9 adders
  2 river rats (Sewer)
  15 white imps
  5 ufetubi
  2 worms (Lair:2)
  4 dart slugs
  87 orcs
  2 ball pythons
  6 endoplasms
  5 giant cockroaches
  8 goblins
  2 hobgoblins
  18 jackals
  10 quokkas
  4 bats
  3 frilled lizards
  9 kobolds
  10 rats
  A pillar of salt (Orc:2)
777 creatures vanquished.

Vanquished Creatures (collateral kills)
  An emperor scorpion (Spider:2)
  A boulder beetle (D:12)
  A steelbarb worm (Spider:2)
  A wolf spider (Spider:2)
  2 cane toads
  A rime drake (Lair:2)
  An unseen horror (D:9)
  4 tarantellas
  2 yaks (Lair:2)
  2 redbacks (Lair:2)
  A harpy simulacrum (IceCv)
  An orc warrior (D:9)
  2 wolves (Lair:1)
  A gnoll bouda (D:8)
  2 orcs
23 creatures vanquished.

Vanquished Creatures (others)
  A cane toad (Lair:4)
  A jumping spider (Spider:1)
  A black bear (D:5)
  An ufetubus (D:10)
  21 fungi
  19 plants
44 creatures vanquished.

Grand Total: 844 creatures vanquished

Notes
Turn   | Place    | Note
-------+----------+-------------------------------------------
     0 | D:1      | Newt the Demonspawn Gladiator began the quest for the Orb.
     0 | D:1      | Reached XP level 1. HP: 16/16 MP: 1/1
    52 | D:1      | Reached skill level 1 in Stealth
   118 | D:1      | Gained mutation: You are partially covered in thin metallic
                  | scales. (AC +2) [demonic ancestry]
   118 | D:1      | Reached XP level 2. HP: 22/22 MP: 2/2
   447 | D:1      | Reached XP level 3. HP: 27/27 MP: 3/3
  1073 | D:2      | Gained mutation: You are mostly covered in thin metallic
                  | scales. (AC +3) [demonic ancestry]
  1073 | D:2      | Reached XP level 4. HP: 31/34 MP: 4/4
  1342 | D:3      | Found Lurixt's General Store.
  1349 | D:3      | Bought a potion of curing for 36 gold pieces
  1435 | D:3      | Found Lorpho Erur's General Store.
  1615 | D:3      | Found Geeqykh's Antique Armour Emporium.
  2051 | D:3      | Found Toreos's Armour Emporium.
  2145 | D:3      | HP: 1/35 [orc priest/nerve-wracking pain (7)]
  2258 | D:3      | Gained mutation: You are completely covered in thin
                  | metallic scales. (AC +4, rElec) [demonic ancestry]
  2258 | D:3      | Reached XP level 5. HP: 42/42 MP: 5/5
  2508 | D:3      | Found Petairom's Jewellery Shoppe.
  2731 | D:4      | Noticed a phantom
  2753 | D:4      | Killed a phantom
  2793 | D:4      | Noticed a +0 short sword
  2794 | D:4      | Noticed a +0 dagger
  2794 | D:4      | Noticed a +0 spear
  2795 | D:4      | Noticed a +0 spear
  2795 | D:4      | Noticed a +0 dagger
  2795 | D:4      | Noticed a +0 falchion
  2796 | D:4      | Noticed a +0 falchion
  2796 | D:4      | Noticed a +0 short sword
  2804 | D:4      | Reached skill level 1 in Evocations
  2807 | D:4      | Reached XP level 6. HP: 45/48 MP: 6/6
  2824 | D:4      | Found a hide-covered altar of Uskayaw.
  2983 | D:4      | Found a broken altar of Ashenzari.
  2987 | D:4      | Found an opulent altar of Gozag.
  3320 | D:4      | Became a worshipper of Gozag Ym Sagoz the Greedy
  3423 | D:4      | Found an iron altar of Okawaru.
  3592 | D:4      | Found an ancient bone altar of Kikubaaqudgha.
  3623 | D:4      | Found a blossoming altar of Fedhas.
  3697 | D:5      | Entered Level 5 of the Dungeon
  3786 | D:5      | Reached skill level 1 in Axes
  3796 | D:5      | Noticed an orc warrior
  3797 | D:5      | Noticed a troll
  3813 | D:5      | Reached XP level 7. HP: 41/54 MP: 7/7
  3835 | D:5      | Killed a troll
  3836 | D:5      | Reached skill level 5 in Axes
  3836 | D:5      | Reached XP level 8. HP: 16/61 MP: 8/8
  4109 | D:5      | Noticed Eustachio
  4110 | D:5      | Reached skill level 5 in Fighting
  4144 | D:5      | Killed Eustachio
  4343 | D:5      | Reached skill level 1 in Armour
  4521 | D:3      | Bought a scarf of repulsion for 144 gold pieces
  4521 | D:3      | Bought a potion of heal wounds for 60 gold pieces
  4591 | D:5      | Found a stormy altar of Qazlal.
  4914 | D:6      | Found a glowing drain.
  4928 | Sewer    | Entered a sewer
  5463 | D:3      | Bought a +0 kite shield of protection for 126 gold pieces
  5514 | D:3      | Bought a pair of steaming boots for 190 gold pieces
  5514 | D:3      | Identified the +2 pair of boots of the Raven {rElec rCorr}
                  | (You bought it in a shop on level 3 of the Dungeon)
  5514 | D:3      | Bought a dyed leather armour for 100 gold pieces
  6712 | D:6      | Reached skill level 5 in Armour
  6718 | D:6      | Gained mutation: A weak demonic guardian rushes to your
                  | aid. [demonic ancestry]
  6718 | D:6      | Reached XP level 9. HP: 51/69 MP: 9/9
  7520 | D:7      | Found a staircase to the Ecumenical Temple.
  7763 | D:7      | Identified the +3 bardiche "Leha" {flame, Dex+5 SInv}
  7928 | D:8      | Reached skill level 5 in Shields
  8209 | D:8      | Noticed Maurice
  8221 | D:8      | Reached skill level 5 in Evocations
  8264 | D:8      | Gained mutation: You have a pair of small antennae on your
                  | head. [demonic ancestry]
  8264 | D:8      | Reached XP level 10. HP: 27/77 MP: 10/10
  8919 | D:8      | Killed Maurice
  9613 | D:8      | Noticed Maggie
  9627 | D:8      | Killed Maggie
 10077 | D:8      | Reached skill level 1 in Polearms
 10135 | D:8      | Reached skill level 2 in Polearms
 10379 | D:9      | Noticed a manticore
 10398 | D:9      | Killed a manticore
 10399 | D:9      | Reached skill level 3 in Polearms
 10741 | D:9      | Reached skill level 4 in Polearms
 10915 | D:3      | Bought the ring "Sotoh" {rN+ Str+7 Int-4 Dex+3} for 475
                  | gold pieces
 11573 | D:9      | Found a bloodstained altar of Trog.
 11594 | D:9      | Found a staircase to the Orcish Mines.
 11748 | D:9      | Noticed a gargoyle
 11750 | D:9      | Reached skill level 5 in Polearms
 11758 | D:9      | Killed a gargoyle
 11951 | D:10     | Entered Level 10 of the Dungeon
 11951 | D:10     | Found a staircase to the Lair.
 12577 | D:9      | Reached skill level 6 in Polearms
 12577 | D:9      | Gained mutation: A demonic guardian rushes to your aid.
                  | [demonic ancestry]
 12577 | D:9      | Reached XP level 11. HP: 47/86 MP: 11/11
 13068 | D:10     | Found a burning altar of Makhleb.
 13074 | D:10     | Identified the +5 ring mail of Aghec {Harm SInv}
 13114 | D:10     | Found Jyus's Distillery.
 13122 | D:10     | Bought a potion of heal wounds for 55 gold pieces
 13333 | D:10     | Reached skill level 7 in Polearms
 13526 | D:10     | Reached skill level 8 in Polearms
 14025 | D:10     | Noticed a two-headed ogre
 14034 | D:10     | Killed a two-headed ogre
 14045 | D:10     | Reached skill level 9 in Polearms
 14223 | D:10     | You fall into a shaft and drop 3 floors!
 14224 | D:13     | Noticed a centaur warrior
 14261 | D:13     | Found a frozen archway.
 14381 | IceCv    | Entered an ice cave
 14785 | IceCv    | Identified the +0 plate armour of Depression {Harm *Slow
                  | Will+ Regen+}
 15868 | IceCv    | Noticed a white ugly thing
 15880 | IceCv    | Killed a white ugly thing
 16307 | IceCv    | Identified the ring "Sawkiqum" {rF- rCorr Str+5}
 16312 | IceCv    | Identified the +5 quarterstaff "Onkiemmu" {freeze, rN++}
 16387 | D:13     | Noticed a tengu warrior
 16389 | D:13     | Noticed a tengu warrior
 16403 | D:13     | Killed a tengu warrior
 16435 | D:13     | Killed a tengu warrior
 16436 | D:13     | Reached XP level 12. HP: 12/93 MP: 12/12
 16788 | D:13     | Found a shadowy altar of Dithmenos.
 16914 | D:13     | Noticed a centaur warrior
 16930 | D:13     | Killed a centaur warrior
 17222 | D:13     | Found a gate to the Vaults.
 17222 | D:13     | Noticed a vault guard
 17222 | D:13     | Noticed a boulder beetle
 17222 | D:13     | Noticed a vault guard
 17222 | D:13     | Noticed a vault guard
 17222 | D:13     | Noticed a vault guard
 17226 | D:13     | Noticed a two-headed ogre
 17233 | D:12     | Noticed a boulder beetle
 17240 | D:12     | Killed a two-headed ogre
 17249 | D:12     | Killed a boulder beetle
 17699 | D:12     | Reached skill level 10 in Fighting
 18230 | D:3      | Bought an amulet of reflection for 360 gold pieces
 18270 | D:3      | Bought a scroll of enchant weapon for 97 gold pieces
 18478 | Lair:1   | Entered Level 1 of the Lair of Beasts
 18490 | Lair:1   | Noticed Harold
 18500 | Lair:1   | Killed Harold
 18567 | Lair:1   | Reached skill level 10 in Polearms
 18790 | Lair:1   | Reached skill level 11 in Polearms
 19130 | Lair:1   | Reached skill level 12 in Polearms
 19131 | Lair:1   | Bought a scroll of fear for 52 gold pieces
 19131 | Lair:1   | Bought a potion of heal wounds for 65 gold pieces
 19244 | Lair:1   | Reached XP level 13. HP: 103/103 MP: 13/13
 19435 | Lair:2   | Found a hole to the Spider Nest.
 19444 | Lair:2   | Reached skill level 13 in Polearms
 19567 | Lair:2   | Identified the +2 robe of Leapfrog {Contam +Blink rCorr
                  | Int+3}
 20058 | Lair:2   | Found a staircase to the Swamp.
 20213 | Lair:3   | Noticed Urug
 20232 | Lair:3   | Killed Urug
 20615 | Lair:3   | Bought a scroll of enchant weapon for 127 gold pieces
 21415 | Lair:4   | Found a staircase to the Slime Pits.
 21416 | Lair:4   | Found a viscous altar of Jiyva.
 21797 | Lair:4   | Found a transporter.
 21830 | Lair:4   | Found a transporter.
 21884 | Lair:4   | Reached skill level 10 in Armour
 22381 | Lair:4   | Identified the -1 cloak of Ituiqe {Stlth+}
 22404 | Lair:5   | Entered Level 5 of the Lair of Beasts
 22411 | Lair:5   | Reached XP level 14. HP: 110/110 MP: 14/14
 23020 | Lair:5   | Reached skill level 10 in Evocations
 23762 | Orc:1    | Entered Level 1 of the Orcish Mines
 23794 | Orc:2    | Entered Level 2 of the Orcish Mines
 23946 | Orc:2    | Found a staircase to the Elven Halls.
 24254 | Orc:2    | Found Dout's Weapon Shoppe.
 24502 | Orc:2    | Found Gotisaq's Weapon Boutique.
 24504 | Orc:2    | Found Xyleor's Armour Boutique.
 24535 | Orc:2    | Found Cietrown's Antique Armour Shop.
 24564 | Orc:2    | Bought an encrusted leather armour for 203 gold pieces
 24564 | Orc:2    | Identified the +1 leather armour of the End {rPois rF++
                  | rCorr Str-3} (You bought it in a shop on level 2 of the
                  | Orcish Mines)
 24827 | Orc:1    | Noticed Erica
 24853 | Orc:1    | Killed Erica
 24873 | Orc:1    | Gained mutation: Your demonic aura sometimes causes spilled
                  | blood to erupt in flames. [demonic ancestry]
 24873 | Orc:1    | Reached XP level 15. HP: 112/120 MP: 15/15
 24909 | Orc:1    | Found Luus's Antique Armour Emporium.
 24919 | Orc:1    | Bought a pair of runed boots for 240 gold pieces
 24919 | Orc:1    | Bought a transparent plate armour for 896 gold pieces
 24919 | Orc:1    | Identified the +13 plate armour of Ignis's Fury {rN+} (You
                  | bought it in a shop on level 1 of the Orcish Mines)
 25366 | Spider:1 | Entered Level 1 of the Spider Nest
 25390 | Lair:2   | Reached skill level 10 in Shields
 26922 | Spider:1 | Bought a potion of invisibility for 144 gold pieces
 28700 | Spider:2 | Reached skill level 5 in Dodging
 30255 | Spider:2 | Identified a scroll of acquirement
 30256 | Spider:2 | Acquired 1100 gold pieces
 30259 | Spider:2 | Bought a potion of heal wounds for 195 gold pieces
 30259 | Spider:2 | Bought a scroll of blinking for 292 gold pieces
 30333 | Spider:2 | Paralysed by a jorogumo for 2 turns
 31433 | Spider:3 | Noticed an emperor scorpion
 32854 | Spider:2 | Reached XP level 16. HP: 118/127 MP: 16/16
 34610 | D:3      | Bought a ring of see invisible for 180 gold pieces
 34897 | Spider:4 | Entered Level 4 of the Spider Nest
 36939 | Spider:4 | Slain by a radroach

Illustrated notes

Levels and vault maps discovered:
D:1:      lemuel_arrival_river_ford, layout_basic
D:2:      layout_basic
D:3:      layout_basic, serial_shops, shop, shop_coins, shop, shop,
          nicolae_shop_trees
D:4:      layout_rooms, nicolae_uskayaw_en_pointe, tso_altar,
          mainiacjoe_overflow_alcove_4,
          hellmonk_okawaru_the_only_friend_you_need, tgw_fedhas,
          grunt_temple_overflow_open
D:5:      cheibrodos_fzero, layout_cave_pools, mainiacjoe_overflow_24_doors,
          uniq_eustachio
D:6:      layout_loops_corners, gup_sewer_entry_pipe,
          chequers_serial_rivers_micro_a
D:7:      layout_gridville, minmay_temple_entry_from_below_b, minivault_22,
          grunt_ministairs_10
D:8:      kennysheep_seaside_town, layout_basic, minmay_statues_item,
          nrook_loot_triangle, uniq_maggie, uniq_maurice
D:9:      layout_loops_cross, trog_book, hiddenorc1_lemuel
D:10:     cheibrodos_frozen_isle, layout_stronghold,
          mainiacjoe_overflow_boulevard, david_lair_generic, serial_shops,
          nicolae_stop_n_shop_1
D:11:     kennysheep_blocky_hall, layout_small_grid
D:12:     layout_roguey
D:13:     layout_gridville, lightli_vaults_fourway_checkpoint,
          portal_ice_cave_entry_imps, grunt_dithmenos_smoke_and_mirrors,
          uniq_jorgrun
Lair:1:   layout_hall_layers, grunt_megastairs_2, uniq_harold
Lair:2:   layout_gridlike, minmay_swamp_entry_worms,
          nicolae_spider_entry_non_spiders, serial_bayou_shore_b
Lair:3:   layout_regular_city, chequers_serial_rivers_large_b,
          lemuel_fruit_fields, grunt_megastairs_3, uniq_urug
Lair:4:   gammafunk_cloud_chamber, layout_regular_city,
          nicolae_slime_entry_slimehenge
Lair:5:   minmay_lair_end_enchanted_forest, layout_gridlike, lemuel_fruit_fields
Spider:1: layout_spider_delve, einodemon_crawler_minivault
Spider:2: layout_spider_delve, nicolae_spider_world_wide_web
Spider:3: nicolae_spider_mines_3, nicolae_spider_cling_halls
Spider:4: guppyfry_spider_rune
Orc:1:    layout_diamond_mine, serial_shops, nicolae_shop_statue_plus,
          uniq_erica
Orc:2:    hellmonk_orc_salted, layout_caves

Skill      XL: |  1  2  3  4  5  6  7  8  9 10 11 12 13 14 15 16 |
---------------+-------------------------------------------------+-----
Stealth        | 1 2 3 |  3.0
Fighting       | 4 6 8 10 12 | 12.0
Dodging        | 4 8 |  8.0
Evocations     | 1 4 6 10 | 10.0
Axes           | 1 5 6 |  6.3
Armour         | 5 6 10 12 | 12.5
Shields        | 5 8 9 12 | 12.0
Polearms       | 6 9 12 13 | 13.4
Short Blades   | |  2.6
Throwing       | |  1.7

Action                   |  1- 3 |  4- 6 |  7- 9 | 10-12 | 13-15 | 16-18 || total
-------------------------+-------+-------+-------+-------+-------+-------++-------
Melee: Rapier            |   119 |   156 |       |       |       |       ||   275
       Punch             |     1 |     3 |     1 |       |       |       ||     5
       Hand axe          |       |    38 |   301 |       |       |       ||   339
       Demon trident     |       |       |       |   969 |  1554 |   306 ||  2829
       War axe           |       |       |       |   112 |       |       ||   112
Throw: Javelin           |       |     8 |     4 |       |       |       ||    12
       Throwing net      |       |     1 |       |     3 |     3 |     1 ||     8
       Dart              |       |       |     4 |       |       |       ||     4
Invok: Call Merchant     |       |       |       |     1 |     3 |       ||     4
Evoke: Wand              |       |       |     1 |     4 |       |     1 ||     6
       Phantom mirror    |       |       |       |       |     1 |       ||     1
  Use: Scroll            |     4 |     9 |    11 |    10 |     8 |     2 ||    44
       Potion            |       |     1 |     5 |     8 |     5 |     4 ||    23
 Stab: Sleeping          |     4 |     2 |     6 |     4 |     2 |     1 ||    19
       Distracted        |       |     2 |     3 |     3 |     8 |       ||    16
       Held in net/web   |       |     1 |       |       |       |     1 ||     2
       Invisible         |       |       |       |     8 |       |       ||     8
       Petrifying        |       |       |       |       |     1 |       ||     1
       Petrified         |       |       |       |       |     1 |       ||     1
Armor: Leather armour    |    48 |    99 |    97 |   222 |       |    64 ||   530
       Scale mail        |       |       |    26 |       |       |       ||    26
       Skin              |       |       |    17 |       |       |       ||    17
       Chain mail        |       |       |       |   118 |       |       ||   118
       Plate armour      |       |       |       |    59 |   502 |       ||   561
       Ring mail         |       |       |       |       |   198 |    45 ||   243
Dodge: Dodged            |    71 |   134 |   140 |   316 |   392 |   141 ||  1194
       Repelled          |       |       |     3 |    11 |       |       ||    14
Block: Kite shield       |       |       |    86 |   510 |  1187 |   295 ||  2078
       Reflection        |       |       |       |     1 |    20 |     1 ||    22

Table legend: (Time is in decaauts)
 A = Elapsed time spent in this place.
 B = Non-inter-level travel time spent in this place.
 C = Inter-level travel time spent in this place.
 D = Time resting spent in this place.
 E = Time spent auto-exploring this place.
 F = Levels seen in this place.
 G = Mean time per level.
                   A        B        C        D        E       F      G
               +--------+--------+--------+--------+--------+-----+--------+
         Total |  36804 |  34505 |   2299 |  14178 |  13422 |  26 | 1415.5 |
       Dungeon |  16750 |  15069 |   1681 |   4995 |   6836 |  13 | 1288.5 |
          Lair |   7409 |   7131 |    278 |   2183 |   3456 |   5 | 1481.8 |
   Spider Nest |   8778 |   8518 |    260 |   5173 |   1923 |   4 | 2194.5 |
  Orcish Mines |   1457 |   1379 |     78 |      7 |   1004 |   2 |  728.5 |
         Sewer |    464 |    464 |      0 |    152 |    178 |   1 |  464.0 |
      Ice Cave |   1944 |   1944 |      0 |   1667 |     24 |   1 | 1944.0 |
               +--------+--------+--------+--------+--------+-----+--------+

Top non-repeatable levels by time:
Spider:2: 5438 daAuts
  Lair:2: 3200 daAuts
     D:8: 2578 daAuts
     D:9: 2203 daAuts
   IceCv: 1944 daAuts
Spider:3: 1860 daAuts
    D:10: 1730 daAuts
     D:4: 1720 daAuts
     D:6: 1706 daAuts
     D:3: 1394 daAuts
     D:7: 1338 daAuts
  Lair:3: 1334 daAuts
     D:5: 1140 daAuts
  Lair:5: 1104 daAuts
    D:13: 1039 daAuts
